 Dungeon Crawl Stone Soup version 0.27.0-1-g7a089689b8 (webtiles) character file.

Game seed: 15561075377637609344

510 Descartes the Sneak (level 6, -4/28 HPs)
             Began as a Spriggan Venom Mage on Aug 17, 2021.
             Shot with an arrow by a centaur (13 damage)
             ... on level 5 of the Dungeon.
             The game lasted 00:20:55 (5612 turns).

Descartes the Sneak (Spriggan Venom Mage)           Turns: 5612, Time: 00:20:56

Health: -4/28      AC:  4    Str:  6    XL:     6   Next: 98%
Magic:  11/11      EV: 16    Int: 16    God:
Gold:   139        SH:  0    Dex: 16    Spells: 4/11 levels left

rFire    . . .     SeeInvis +   b - +0 hunting sling
rCold    . . .     Faith    .   (shield restricted)
rNeg     . . .     Spirit   .   s - +0 troll leather armour {Purgy}
rPois    .         Reflect  .   (helmet restricted)
rElec    .         Harm     .   (no cloak)
rCorr    .         Rampage  .   (gloves unavailable)
Will     +....                  (boots unavailable)
Stlth    ++++......             (no amulet)
HPRegen  1.09/turn              (no ring)
MPRegen  0.12/turn              (no ring)

@: very quick
A: very small, no large weapons, unfitting armour, see invisible, speed 3
a: no special abilities


You were on level 5 of the Dungeon.
You visited 1 branch of the dungeon, and saw 5 of its levels.

You collected 139 gold pieces.

Inventory:

Hand Weapons
 a - a +1 short sword of electrocution
 b - a +0 hunting sling (weapon)
Missiles
 d - 76 stones (quivered ammo)
 e - 23 bolts
 g - 90 arrows
 m - 23 poisoned darts
 p - 4 boomerangs
Armour
 s - a +0 troll leather armour (worn) {Purgy}
Magical Staves
 r - a staff of fire
Jewellery
 j - an amulet of guardian spirit
Scrolls
 k - 2 scrolls of teleportation {unknown}
 l - a scroll of enchant armour {unknown}
 n - 2 scrolls of magic mapping {unknown}
 q - a scroll of acquirement {unknown}
 t - a scroll of immolation {unknown}
Potions
 c - a potion of ambrosia {unknown}
 f - 3 potions of magic {unknown}
 h - a potion of cancellation {unknown}
 i - a potion of degeneration {unknown}
 o - a potion of curing {unknown}
 u - a potion of flight {unknown}


   Skills:
 + Level 2.6 Throwing
 - Level 2.6 Dodging
 + Level 7.7 Stealth
 * Level 0.0 Shields
 - Level 3.0 Spellcasting
 + Level 2.2 Transmutations
 + Level 5.4 Poison Magic


You had 4 spell levels left.
You knew the following spells:

 Your Spells              Type           Power      Damage    Failure   Level
a - Sting                 Tmut/Pois      56%        1d5       6%          1
b - Olgreb's Toxic Radia  Pois           19%        N/A       30%         4
c - Blink                 Tloc           N/A        N/A       41%         2

Your spell library contained the following spells:

 Spells                   Type           Power      Damage    Failure   Level
 Poisonous Vapours        Pois/Air       22%        N/A       14%         2
 Mephitic Cloud           Conj/Pois/Air  8%         N/A       38%         3
 Ozocubu's Armour         Ice            2%         N/A       65%         3
 Manifold Assault         Tloc           2%         N/A       100%        5
 Ozocubu's Refrigeration  Ice            1%         4d5       100%        7
 Storm Form               Tmut/Air       3%         N/A       100%        7


Dungeon Overview and Level Annotations

Branches:
Dungeon (5/15)
 Temple: D:4-7

Altars:

Shops:
D:2 *

Annotations:
D:4 2 transporters, puimuR's ghost, amateur HOBr


Innate Abilities, Weirdness & Mutations

You are very small and have problems with some larger weapons.
You are too small for most types of armour.
You have supernaturally acute eyesight. (SInv)
You cover ground extremely quickly. (Speed+++)


Message History

Aiming: Sting (safe; 6% risk of failure)
Press: ? - help, Shift-Dir - straight line, f - kobold
Aim: a kobold, wielding a +0 club (64% to hit)
The sting hits the kobold.
The kobold is poisoned.
The kobold is heavily wounded.
The kobold brigand shoots a bolt.
The bolt closely misses you.
A kobold comes into view. It is wielding a +0 dagger.
You climb upwards.
Level annotation: 2 transporters, puimuR's ghost, amateur HOBr
There is a stone staircase leading down here.
Okay, then.
Casting: Sting (safe; 6% risk of failure)
Confirm with . or Enter, or press ? or * to list all spells.
Okay, then.
Casting: Sting (safe; 6% risk of failure)
Confirm with . or Enter, or press ? or * to list all spells.
Okay, then.
There is a stone staircase leading up here.
Magic restored.
There is a stone staircase leading down here.
You climb downwards.
A centaur comes into view.
Found a scroll labelled GEN TIGOIPS.
There is a stone staircase leading up here.
You shoot a stone.
The stone hits the centaur but does no damage.
The centaur shouts!
The centaur wields a +0 shortbow.
The centaur shoots an arrow.
The arrow hits you!
A bullfrog skeleton comes into view.
Casting: Sting (safe; 6% risk of failure)
Confirm with . or Enter, or press ? or * to list all spells.
You can't see any susceptible monsters within range! (Use Z to cast anyway.)
You shoot a stone.
The stone hits the centaur but does no damage.
The centaur shoots an arrow.
The arrow hits you!
The centaur shoots an arrow.
The arrow hits you.
* * * LOW HITPOINT WARNING * * *
The centaur shoots an arrow.
The arrow hits you!
You die...

.......<#
....#..## .
#.. ##.. ..#
...## ###..##
#...## #@...#
#......#
#.........#
#..........
.......c.#.
#...Z......#
...?........
#............


You could see a centaur and a bullfrog skeleton.

Vanquished Creatures
  Purgy (D:3)
  A scorpion (D:4)
  A howler monkey (D:4)
  A jelly (D:4)
  A hound (D:4)
  2 orc priests (D:4)
  Jessica (D:3)
  Robin (D:2)
  4 adders
  An adder skeleton (D:4)
  2 worms (D:2)
  A dart slug (D:4)
  9 orcs
  5 endoplasms
  3 giant cockroaches
  12 goblins
  10 hobgoblins
  26 jackals
  5 ball pythons
  7 bats
  5 frilled lizards
  9 kobolds
  6 rats
114 creatures vanquished.

Notes
Turn   | Place    | Note
-------+----------+-------------------------------------------
     0 | D:1      | Descartes the Spriggan Venom Mage began the quest for the
                  | Orb.
     0 | D:1      | Reached XP level 1. HP: 9/9 MP: 5/5
   385 | D:1      | Reached XP level 2. HP: 13/13 MP: 3/6
   956 | D:1      | Reached skill level 4 in Stealth
  1041 | D:1      | Reached XP level 3. HP: 16/16 MP: 3/8
  1562 | D:2      | Found Jahaol's Assorted Antiques.
  1591 | D:2      | You fall into a shaft and drop 2 floors!
  1717 | D:4      | Found a transporter.
  1807 | D:4      | Reached skill level 5 in Stealth
  1807 | D:4      | Reached XP level 4. HP: 21/21 MP: 4/9
  2942 | D:2      | Noticed Robin
  2954 | D:2      | Killed Robin
  2955 | D:2      | Reached XP level 5. HP: 18/24 MP: 5/10
  2958 | D:2      | Reached skill level 6 in Stealth
  3442 | D:3      | Learned a level 4 spell: Olgreb's Toxic Radiance
  3450 | D:3      | Noticed Purgy
  3495 | D:3      | Killed Purgy
  3496 | D:3      | Reached skill level 1 in Throwing
  3739 | D:3      | Noticed Jessica
  3745 | D:3      | Killed Jessica
  3746 | D:3      | Reached XP level 6. HP: 28/28 MP: 6/11
  4434 | D:4      | Reached skill level 7 in Stealth
  4434 | D:4      | Reached skill level 5 in Poison Magic
  4890 | D:4      | Found a transporter.
  4942 | D:4      | Identified the +1 dire flail "Beasiusue" {protect, +Blink}
  4943 | D:4      | Noticed puimuR's ghost (amateur HOBr)
  5144 | D:4      | Learned a level 2 spell: Blink
  5561 | D:5      | Entered Level 5 of the Dungeon
  5612 | D:5      | Shot with an arrow by a centaur

Illustrated notes

Levels and vault maps discovered:
D:1:      minmay_arrival_stone_box, layout_basic
D:2:      layout_loops_ring, serial_shops, nicolae_shop_stone, uniq_robin
D:3:      layout_loops_ring, minmay_box_of_dots, uniq_purgy, uniq_jessica
D:4:      layout_loops_corners, gammafunk_ghost_smash
D:5:      layout_cave_pods, lemuel_tele_altar, eat_drink_and_be_merry_uskayaw

Skill      XL: |  1  2  3  4  5  6 |
---------------+-------------------+-----
Spellcasting   | 3 |  3.0
Transmutations | 2 |  2.2
Stealth        | 4 5 6 7 |  7.7
Poison Magic   | 4 5 |  5.4
Throwing       | 1 2 |  2.6
Dodging        | |  2.6

Action                   |  1- 3 |  4- 6 || total
-------------------------+-------+-------++-------
Melee: Unarmed           |     3 |       ||     3
       Short sword       |       |    20 ||    20
 Fire: Hunting sling     |       |   121 ||   121
 Cast: Sting             |    82 |   130 ||   212
Armor: Robe              |     2 |     7 ||     9
       Troll leather arm |       |     2 ||     2
Dodge: Dodged            |    20 |    55 ||    75
